 Dungeon Crawl Stone Soup version 0.23-a0-577-g2b1de94 (webtiles) character file.

99 ilii the Caller (level 4, -1/33 HPs)
             Began as a Merfolk Summoner on Dec 15, 2018.
             Slain by a gnoll
             ... wielding a +0 whip
              (4 damage)
             ... on level 3 of the Dungeon.
             The game lasted 00:14:40 (3451 turns).

ilii the Caller (Merfolk Summoner)                  Turns: 3451, Time: 00:14:41

Health: -1/33      AC:  2    Str:  8    XL:     4   Next: 72%
Magic:  3/8        EV:  7    Int: 15    God:
Gold:   84         SH:  0    Dex: 17    Spells: 4/8 levels left

rFire    . . .     SeeInvis .   (no weapon)
rCold    . . .     Gourm    .   (no shield)
rNeg     . . .     Faith    .   a - +0 robe
rPois    .         Spirit   .   q - -1 helmet (curse)
rElec    .         Reflect  .   (no cloak)
rCorr    .         Harm     .   (no gloves)
MR       .....                  (no boots)
Stlth    ++........             (no amulet)
HPRegen  0.11/turn              l - +3 ring of dexterity
MPRegen  0.11/turn              (no ring)

@: very slightly contaminated, held
A: change form in water, swift swim, stealthy swim
a: no special abilities


You were on level 3 of the Dungeon.
You were not hungry.

You visited 1 branch of the dungeon, and saw 3 of its levels.

You collected 84 gold pieces.

Inventory:

Armour
 a - a +0 robe (worn)
 k - a +0 hat
 q - a cursed -1 helmet (worn)
Jewellery
 l - a +3 ring of dexterity (left hand)
Scrolls
 h - a scroll of teleportation
Potions
 f - 3 potions of invisibility
 j - 2 potions of flight
 m - a potion of brilliance {unknown}
 o - a potion of heal wounds {unknown}
Comestibles
 b - 3 chunks of flesh
 c - 2 rations


   Skills:
 + Level 2.0 Fighting
 - Level 2.6 Dodging
 - Level 2.1 Stealth
 + Level 2.6 Spellcasting
 * Level 5.1 Summonings


You had 4 spell levels left.
You knew the following spells:

 Your Spells              Type           Power        Failure   Level  Hunger
a - Summon Small Mammal   Summ           ###.         2%          1    #......
s - Call Canine Familiar  Summ           ###.....     8%          3    ###....

Your spell library contained the following spells:

 Spells                   Type           Power        Failure   Level  Hunger
 Call Imp                 Summ           ###.....     3%          2    ##.....
 Summon Guardian Golem    Hex/Summ       #.......     22%         3    ###....
 Summon Ice Beast         Ice/Summ       #.......     58%         4    #####..
 Summon Lightning Spire   Summ/Air       #.......     58%         4    #####..


Dungeon Overview and Level Annotations

Branches:
Dungeon (3/15)

Altars:

Annotations:
D:3 Sigmund


Message History

Casting: Call Canine Familiar (safe; 8% risk of failure)
Confirm with . or Enter, or press ? or * to list all spells.
You don't have enough magic to cast that spell.
Found 17 poisoned needles.
There is a stone staircase leading up here.
The gnoll throws a throwing net.
The throwing net hits you.
You become entangled in the net!
You stop ascending the stairs.
You can't do that while held in a net.
You can't do that while held in a net.
You struggle against the net.
The gnoll hits you but does no damage.
You struggle against the net.
The gnoll hits you with a +0 whip.
You struggle against the net.
The gnoll hits you with a +0 whip! The gnoll hits you with a +0 whip.
* * * LOW HITPOINT WARNING * * *
You struggle against the net.
The gnoll hits you with a +0 whip.
* * * LOW HITPOINT WARNING * * *
The gnoll hits you from afar with a +0 halberd.
* * * LOW HITPOINT WARNING * * *
The gnoll hits you with a +0 whip.
You die...

###.$.# .# ##.
#.....##.# #.. #
#.##.....# #.###(#
#.##...### #.(...
#......<########..#
.###.#.#gg.##.....# .#
#.#.#)#.##.#g..# .#
#.#.#h#..g.#gg.#.# .#
#.#.#.######.@...# .#
#.#...<.# #.#####.# .#
#$##.##.####.......#
.###.##............####
..##...............#
......#............#
......#............#
..r...#............#
.(.................#


You could see 3 gnolls.

Vanquished Creatures
  A goblin (D:2)
  A hobgoblin (D:1)
  A frilled lizard (D:1)
  A rat (D:2)
4 creatures vanquished.

Vanquished Creatures (collateral kills)
  Jessica (D:2)
  3 gnolls
  5 adders
  2 oozes (D:3)
  2 worms
  3 dart slugs (D:2)
  2 leopard geckos (D:2)
  6 bats
  A giant cockroach (D:1)
  12 hobgoblins
  4 frilled lizards
  5 goblins
  3 kobolds (D:2)
  5 rats
54 creatures vanquished.

Grand Total: 58 creatures vanquished

Notes
Turn   | Place    | Note
-------+----------+-------------------------------------------
     0 | D:1      | ilii the Merfolk Summoner began the quest for the Orb.
     0 | D:1      | Reached XP level 1. HP: 13/13 MP: 3/3
   485 | D:1      | Reached XP level 2. HP: 20/20 MP: 1/5
  1233 | D:2      | You fall through a shaft!
  1320 | D:3      | Reached skill level 1 in Fighting
  1396 | D:3      | Reached XP level 3. HP: 26/26 MP: 3/6
  1401 | D:3      | Learned a level 3 spell: Call Canine Familiar
  1404 | D:3      | Noticed Sigmund
  1848 | D:2      | Noticed Jessica
  1863 | D:2      | Killed Jessica
  2140 | D:2      | Noticed an orc warrior
  2152 | D:2      | Reached XP level 4. HP: 32/32 MP: 4/7
  2750 | D:3      | Reached skill level 5 in Summonings
  3451 | D:3      | Slain by a gnoll

Vault maps used:
D:1:      mushboom_english_gardens
D:2:      minmay_divided_ellipse, uniq_jessica
D:3:      cheibriados_altar_1, uniq_sigmund

Skill      XL: |  1  2  3  4 |
---------------+-------------+-----
Fighting       | 1 2 |  2.0
Summonings     | 5 |  5.1
Dodging        | |  2.6
Stealth        | |  2.1
Spellcasting   | |  2.6

Action                   |  1- 3 |  4- 6 || total
-------------------------+-------+-------++-------
Melee: Unarmed           |    25 |    11 ||    36
 Cast: Summon Small Mamm |    73 |    11 ||    84
       Call Canine Famil |     9 |    13 ||    22
  Use: Scroll            |       |     8 ||     8
 Stab: Sleeping          |     2 |       ||     2
  Eat: Chunk             |     5 |     2 ||     7
       Ration            |     1 |     1 ||     2
Armor: Robe              |    12 |     5 ||    17
Dodge: Dodged            |    42 |    29 ||    71

Table legend:
 A = Non-vault XP
 B = Vault XP
 C = Vault XP percentage of total XP
 D = Non-vault monster count
 E = Vault monster count
 F = Vault count percentage of total count
                 A         B        C        D         E       F
            +---------+---------+-------+---------+---------+-------
      Total |      96 |      46 |  32.4 |      45 |      13 |  22.4
            +---------+---------+-------+---------+---------+-------
        D:1 |      20 |       0 |   0.0 |      18 |       0 |   0.0
        D:2 |      43 |      46 |  51.7 |      18 |      13 |  41.9
        D:3 |      33 |       0 |   0.0 |       9 |       0 |   0.0
            +---------+---------+-------+---------+---------+-------
